 Dungeon Crawl Stone Soup version 0.24-a0-218-ga595e75 (webtiles) character file.

Game seed: 284975308807972584

39 VLARC the Insei (level 3, -1/18 HPs)
             Began as a Vine Stalker Transmuter on Mar 30, 2019.
             Slain by a jackal (2 damage)
             ... on level 2 of the Dungeon.
             The game lasted 00:01:56 (1218 turns).

VLARC the Insei (Vine Stalker Transmuter)           Turns: 1218, Time: 00:01:57

Health: -1/18      AC:  3    Str: 12    XL:     3   Next: 45%
Magic:  0/7        EV: 12    Int: 14    God:
Gold:   92         SH:  0    Dex: 14    Spells: 6/7 levels left

rFire    + . .     SeeInvis .     - Unarmed
rCold    + . .     Gourm    .   (no shield)
rNeg     . . .     Faith    .   b - +0 robe
rPois    .         Spirit   +   (no helmet)
rElec    .         Reflect  .   j - scarf {rC+ rF+}
rCorr    .         Harm     .   (no gloves)
MR       .....                  c - +0 pair of boots
Stlth    +.........             (no amulet)
HPRegen  0.06/turn              (no ring)
MPRegen  0.10/turn              (no ring)

@: lethally poisoned (-1 -> -7), appendage (expiring)
A: fangs 2, horns 2, magic shield, antimagic bite, no potion heal 3, rot
immunity
a: End Transformation


You were on level 2 of the Dungeon.
You were not hungry.
You had grown temporary horns.
You visited 1 branch of the dungeon, and saw 2 of its levels.

You collected 92 gold pieces.

Inventory:

Missiles
 a - 40 arrows
Armour
 b - a +0 robe (worn)
 c - a +0 pair of boots (worn)
 j - a scarf of resistance (worn)
Potions
 e - 2 potions of lignification
 g - a potion of berserk rage {unknown}
 l - a potion of brilliance {unknown}
Comestibles
 d - 2 rations
 m - a chunk of flesh


   Skills:
 + Level 1.4 Fighting
 - Level 1.5 Dodging
 * Level 3.4 Unarmed Combat
 + Level 2.5 Spellcasting
 * Level 2.7 Transmutations


You had 6 spell levels left.
You knew the following spells:

 Your Spells              Type           Power        Failure   Level  Hunger
a - Beastly Appendage     Tmut           #.....       8%          1    #......

Your spell library contained the following spells:

 Spells                   Type           Power        Failure   Level  Hunger
 Sticks to Snakes         Tmut           #.......     11%         2    ###....
 Spider Form              Tmut/Pois      #.........   36%         3    ###....
 Ice Form                 Ice/Tmut       #.......     78%         4    #####..
 Blade Hands              Tmut           #.........   90%         5    ######.


Dungeon Overview and Level Annotations

Branches:
Dungeon (2/15)

Altars:


Innate Abilities, Weirdness & Mutations

You have extremely sharp teeth.
When hurt, damage is shared between your health and your magic reserves.
Your bite disrupts and absorbs the magic of your enemies.
Potions cannot restore your health.
You are immune to rotting.
You have a pair of horns on your head.


Message History

The adder is lightly wounded.
* * * LOW HITPOINT WARNING * * *
You feel sick. The adder closely misses you.
You barely miss the adder.
The adder is lightly wounded.
The adder barely misses you. The jackal misses you.
The adder barely misses you.
You closely miss the adder. Your headbutt misses the adder.
The adder is lightly wounded.
* * * LOW HITPOINT WARNING * * *
You feel sick.
The jackal bites you but does no damage.
The jackal bites you. The adder closely misses you.
The jackal barely misses you.
Unknown command.
Unknown command.
You closely miss the adder.
The adder is lightly wounded.
The jackal barely misses you. The jackal bites you.
You die...

## ##.### # ....#
.# # #.#.###.#
###.##.S.....####
.......@.........
..#.##.hh........
#....$.<.....#
####.##.######
#.. ....
...........
###..##..#.#.#
#.. #....... #..
##.#.#.#


You could see an adder and 2 jackals.

Vanquished Creatures
  A leopard gecko (D:1)
  3 ball pythons (D:1)
  5 bats (D:1)
  2 giant cockroaches (D:1)
  2 goblins (D:1)
  2 hobgoblins (D:1)
  7 jackals (D:1)
  12 frilled lizards (D:1)
  3 kobolds (D:1)
  A rat (D:1)
38 creatures vanquished.

Notes
Turn   | Place    | Note
-------+----------+-------------------------------------------
     0 | D:1      | VLARC the Vine Stalker Transmuter began the quest for the
                  | Orb.
     0 | D:1      | Reached XP level 1. HP: 9/9 MP: 4/4
    39 | D:1      | Reached skill level 1 in Fighting
    53 | D:1      | Reached XP level 2. HP: 10/14 MP: 1/6
   412 | D:1      | Reached XP level 3. HP: 3/18 MP: 4/7
  1218 | D:2      | Slain by a jackal

Levels and vault maps discovered:
D:1:      roderic_crossed_star, layout_basic, minmay_lizard_pond
D:2:      lemuel_upstairs_altar, layout_basic, yredelemnul_altar_generic,
          first_ration

Skill      XL: |  1 |
---------------+----+-----
Fighting       | 1 |  1.4
Dodging        | |  1.5
Unarmed Combat | |  3.4
Spellcasting   | |  2.5
Transmutations | |  2.7

Action                   || total
-------------------------++-------
Melee: Unarmed           ||   118
       Bite              ||    21
       Headbutt          ||    11
 Cast: Beastly Appendage ||     4
  Use: Scroll            ||     4
 Stab: Sleeping          ||     2
  Eat: Chunk             ||     1
Armor: Robe              ||    39
Dodge: Dodged            ||   111

Table legend:
 A = Non-vault XP
 B = Vault XP
 C = Vault XP percentage of total XP
 D = Non-vault monster count
 E = Vault monster count
 F = Vault count percentage of total count
                 A         B        C        D         E       F
            +---------+---------+-------+---------+---------+-------
      Total |      48 |       8 |  14.3 |      30 |       8 |  21.1
            +---------+---------+-------+---------+---------+-------
        D:1 |      48 |       8 |  14.3 |      30 |       8 |  21.1
            +---------+---------+-------+---------+---------+-------
